AoeStats
← C a b a l l e r o

Arabia

509733384Analyzed
1v1 RM · 4d ago on Sep 27, 2026· 49m 14s· 2 players
Game mode
Random Map
Map size
Tiny (2 player)
Population
200
Speed
Normal
Resources
Standard
Victory
Conquest
Starting age
Dark Age
Ending age
Imperial Age
RankedLock teamsTeams togetherTeam positionsShared explorationLock speedFull tech treeHidden civsTurbo modeCheats
Victory
Defeat
🇧🇷 Vietnamese · Brazil
1123
+16
🇵🇪 Poles · Peru
1133
-16
C a b a l l e r o
0:26 Loom
9:51 Feudal Age
20:45 Fletching
26:38 Castle Age
25:06 Padded Archer Armor
26:47 Crossbowman
26:50 Elite Skirmisher
27:28 Bodkin Arrow
28:29 Pikeman
29:55 Ballistics
30:53 Double-Bit Axe
34:17 Town Watch
35:08 Wheelbarrow
38:54 Imperial Age
39:32 Forging
39:39 Light Cavalry
40:30 Bloodlines
40:16 Imperial Skirmisher
42:00 Husbandry
42:55 Bracer
44:51 Chemistry
43:36 Horse Collar
46:15 Iron Casting
45:46 Scale Barding Armor
45:57 Leather Archer Armor
46:30 Thumb Ring
47:00 Arbalester
george_angelical
7:32 Loom
9:53 Feudal Age
10:20 Double-Bit Axe
22:09 Castle Age
21:48 Fletching
23:03 Scale Barding Armor
22:59 Gold Mining
23:21 Bow Saw
25:31 Elite Skirmisher
26:24 Forging
26:35 Padded Archer Armor
26:46 Town Watch
31:01 Bloodlines
31:13 Chain Barding Armor
31:47 Husbandry
35:31 Imperial Age
34:29 Wheelbarrow
36:22 Iron Casting
35:47 Stone Mining
35:26 Light Cavalry
37:59 Stone Shaft Mining
37:44 Bodkin Arrow
38:51 Blast Furnace
39:30 Ballistics
40:44 Bodkin Arrow
41:55 Horse Collar
41:52 Cavalier
43:10 Leather Archer Armor
44:08 Bracer
43:41 Onager
45:26 Winged Hussar
47:36 Chemistry
Connection lost

Rejoining the realm…

Still unreachable

The connection could not be restored.

Session expired

The server has moved on; the page needs a fresh start.